 Dungeon Crawl Stone Soup version 0.23.0 (webtiles) character file.

Game seed: 1090152397594993283

79 zishaf the Gusty (level 4, -12/24 HPs)
             Began as a Tengu Air Elementalist on Feb 19, 2019.
             Killed by nerve-wracking pain
             ... invoked by Grinder
              (14 damage)
             ... on level 3 of the Dungeon.
             The game lasted 00:05:31 (2710 turns).

zishaf the Gusty (Tengu Air Elementalist)           Turns: 2710, Time: 00:05:32

Health: -12/24     AC:  3    Str:  8    XL:     4   Next: 38%
Magic:  0/8        EV: 12    Int: 17    God:
Gold:   111        SH:  0    Dex: 14    Spells: 4/7 levels left

rFire    . . .     SeeInvis .   (no weapon)
rCold    . . .     Gourm    .   (no shield)
rNeg     . . .     Faith    .   o - +0 leather armour
rPois    .         Spirit   .   (helmet restricted)
rElec    .         Reflect  .   (no cloak)
rCorr    .         Harm     .   (no gloves)
MR       .....                  (boots unavailable)
Stlth    ++........             (no amulet)
HPRegen  0.08/turn              (no ring)
MPRegen  0.11/turn              (no ring)

@: no status effects
A: beak, talons 3
a: no special abilities


You were on level 3 of the Dungeon.
You were very hungry.

You visited 1 branch of the dungeon, and saw 3 of its levels.

You collected 111 gold pieces.

Inventory:

Hand Weapons
 n - a +0 blowgun
 p - a +1 vampiric dagger
Missiles
 i - 20 stones (quivered)
 m - 4 poisoned needles
Armour
 a - a +0 robe
 o - a +0 leather armour (worn)
Wands
 q - a wand of acid (10)
Scrolls
 b - 4 scrolls of identify {unknown}
 e - a scroll of amnesia {unknown}
 h - a scroll of enchant armour {unknown}
 k - a scroll of remove curse {unknown}
 l - a scroll of random uselessness {unknown}
Potions
 d - 2 potions of agility {unknown}
 f - 2 potions of curing {unknown}
 j - a potion of lignification {unknown}
Comestibles
 c - 8 rations


   Skills:
 + Level 0.1 Armour
 + Level 3.0 Dodging
 + Level 2.8 Stealth
 - Level 2.0 Spellcasting
 + Level 3.0 Conjurations
 + Level 4.8 Air Magic


You had 4 spell levels left.
You knew the following spells:

 Your Spells              Type           Power        Failure   Level  Hunger
a - Shock                 Conj/Air       ###.         5%          1    #......
b - Swiftness             Chrm/Air       #.......     16%         2    ###....

Your spell library contained the following spells:

 Spells                   Type           Power        Failure   Level  Hunger
 Static Discharge         Conj/Air       ###.....     17%         3    ###....
 Airstrike                Air            ###.......   36%         4    #####..
 Lightning Bolt           Conj/Air       ###.......   83%         5    ######.


Dungeon Overview and Level Annotations

Branches:
Dungeon (3/15)

Altars:
Gozag
Qazlal
Xom

Annotations:
D:3 Grinder


Innate Abilities, Weirdness & Mutations

You have a beak for a mouth.
You have claws for feet.


Message History

Aiming: Shock (safe; 5% risk of failure)
Press: ? - help, Shift-Dir - straight line, f/p - Grinder
Aim: Grinder (almost dead)
The zap hits Grinder.
Grinder is almost dead.
You hit Grinder. Your kick misses Grinder.
Grinder is almost dead.
Grinder says, "Don't move a muscle."
Grinder blinks!
You start resting.
Grinder is too close now for your liking.
You hit Grinder but do no damage.
Grinder is almost dead.
Grinder blinks!
You start resting.
Grinder is too close now for your liking.
Grinder gestures at you. Pain shoots through your body!
Ouch! That really hurt!
You die...

#.#####.####.#...##.## #.#
#.# #.##.##..รท## #.# #.#
#.##.#.###.### #.# #.#
##.##.#.# ... #.#
#.###......(###.### #.#
#.....(..#..(5.####..
#.###### #)....((.(.(((((.
#.##...####...#####5#####..
#.##.#...###.###@.(.#
#.##.#..##.....######
.....#..##.#.###
#........#.._..#
##.####.####.#.# #.#
#.##.....# ##.# #.####)###
...# #.# #..# ...# #.###.##


You could see Grinder.

Vanquished Creatures
  An adder (D:3)
  An ooze (D:1)
  A dart slug (D:1)
  4 leopard geckos
  3 orcs (D:3)
  9 bats
  9 hobgoblins
  5 kobolds
  5 frilled lizards
  10 goblins
  6 rats
54 creatures vanquished.

Notes
Turn   | Place    | Note
-------+----------+-------------------------------------------
     0 | D:1      | zishaf the Tengu Air Elementalist began the quest for the
                  | Orb.
     0 | D:1      | Reached XP level 1. HP: 10/10 MP: 4/4
   205 | D:1      | Reached XP level 2. HP: 15/15 MP: 4/6
   253 | D:1      | Learned a level 2 spell: Swiftness
   650 | D:1      | Reached XP level 3. HP: 19/19 MP: 4/7
  1360 | D:2      | Found a shimmering altar of Xom.
  2095 | D:3      | Reached XP level 4. HP: 24/24 MP: 4/8
  2359 | D:3      | Found a stormy altar of Qazlal.
  2626 | D:3      | Found an opulent altar of Gozag.
  2657 | D:3      | Noticed Grinder
  2662 | D:3      | Paralysed by Grinder for 5 turns
  2681 | D:3      | Paralysed by Grinder for 3 turns
  2699 | D:3      | Paralysed by Grinder for 3 turns
  2701 | D:3      | HP: 1/24 [Grinder/nerve-wracking pain (1)]
  2710 | D:3      | Killed from afar by Grinder

Skill      XL: |  1  2  3  4 |
---------------+-------------+-----
Conjurations   | 2 3 |  3.0
Dodging        | 3 |  3.0
Armour         | |  0.1
Stealth        | |  2.8
Spellcasting   | |  2.0
Air Magic      | |  4.8

Action                   |  1- 3 |  4- 6 || total
-------------------------+-------+-------++-------
Melee: Unarmed           |     2 |     3 ||     5
       Kick              |     1 |       ||     1
 Fire: Blowgun           |       |    17 ||    17
 Cast: Shock             |    79 |    34 ||   113
  Eat: Chunk             |     4 |     2 ||     6
Armor: Robe              |     1 |       ||     1
       Leather armour    |       |     6 ||     6
Dodge: Dodged            |     5 |     6 ||    11
